Map: Chantier naval orbital

Players

Player - Winner!

  • Race: Protoss Protoss
  • League: Diamond

Worming

  • Race: Zerg Zerg
  • League: Diamond

VOD

Have the link to the VOD?

Description

Time

  • Played on: Nov. 15, 2015, 7:14 a.m.
  • Length: 13:44
Show
View Real Time Build Order
Export as new Build Order

Player Protoss - Winner!

Build Orders:  

Get SALT Encoding   

  12  0:01  Probe (Chrono Boost)  
  13  0:17  Pylon  
  14  0:21  Probe (Chrono Boost)  
  14  0:32  Probe (Chrono Boost)  
  15  0:44  Probe (Chrono Boost)  
  16  0:55  Probe (Chrono Boost)  
  17  1:09  Nexus, Probe (Chrono Boost)  
  18  1:19  Probe (Chrono Boost)  
  18  1:24  Gateway  
  19  1:30  Probe (Chrono Boost)  
  20  1:33  Assimilator  
  20  1:36  Assimilator  
  20  1:40  Probe (Chrono Boost)  
  21  1:56  Probe (Chrono Boost)  
  21  1:59  Pylon  
  22  2:07  Probe (Chrono Boost)  
  23  2:16  Pylon  
  23  2:18  Cybernetics Core  
  23  2:23  Zealot (Chrono Boost)  
  23  2:24  Probe  
  23  2:25  Probe  
  26  2:36  Probe x2  
  28  2:47  Probe (Chrono Boost)  
  28  2:50  Probe (Chrono Boost)  
  30  2:52  Forge  
  30  2:57  Adept  
  32  2:59  Warp Gate, Probe (Chrono Boost)  
  32  3:04  Probe (Chrono Boost)  
  34  3:09  Probe (Chrono Boost)  
  35  3:17  Robotics Facility  
  35  3:19  Probe (Chrono Boost)  
  36  3:20  Probe (Chrono Boost)  
  37  3:30  Probe (Chrono Boost)  
  37  3:31  Probe (Chrono Boost)  
  37  3:32  Adept  
  41  3:39  Gateway  
  41  3:40  Probe (Chrono Boost)  
  42  3:41  Probe (Chrono Boost)  
  43  3:51  Probe (Chrono Boost)  
  43  3:52  Probe (Chrono Boost)  
  45  4:01  Probe (Chrono Boost)  
  47  4:03  Gateway, Probe (Chrono Boost)  
  47  4:05  Gateway  
  47  4:10  Gateway  
  47  4:17  Sentry  
  48  4:46  Probe (Chrono Boost)  
  48  4:47  Protoss Ground Weapons Level 1 (Chrono Boost)  
  48  4:50  Observer  
  50  5:06  Probe (Chrono Boost)  
  49  5:20  Probe x2 (Chrono Boost)  
  49  5:22  Immortal  
  53  5:30  Probe (Chrono Boost)  
  53  5:31  Pylon  
  53  5:32  Assimilator  
  53  5:33  Pylon  
  53  5:34  Assimilator  
  54  5:36  Pylon  
  54  5:41  Nexus  
  54  5:43  Pylon  
  54  5:45  Pylon  
  54  5:46  Pylon  
  54  5:49  Probe (Chrono Boost)  
  57  5:50  Mothership Core (Chrono Boost)  
  57  5:51  Sentry x3  
  57  5:52  Twilight Council  
  57  5:53  Sentry  
  65  5:57  Gateway  
  65  6:00  Probe (Chrono Boost)  
  65  6:04  Immortal  
  70  6:08  Probe (Chrono Boost)  
  69  6:13  Probe (Chrono Boost)  
  69  6:15  Stalker x2  
  69  6:16  Zealot x3  
  80  6:19  Probe (Chrono Boost)  
  80  6:23  Probe (Chrono Boost)  
  80  6:25  Photon Cannon  
  82  6:27  Photon Cannon  
  82  6:30  Probe (Chrono Boost)  
  82  6:32  Probe (Chrono Boost)  
  83  6:38  Zealot x4  
  92  6:41  Probe  
  92  6:42  Warp Prism  
  92  6:43  Probe  
  92  6:45  Protoss Ground Weapons Level 2 (Chrono Boost)  
  96  6:52  Probe  
  96  6:53  Probe x2  
  98  7:01  Stalker x3  
  105  7:04  Probe  
  105  7:06  Probe  
  107  7:10  Probe  
  107  7:15  Probe, Pylon  
  108  7:18  Probe, Pylon  
  108  7:20  Probe, Pylon  
  108  7:22  Adept x3  
  117  7:31  Probe  
  117  7:33  Probe, Assimilator x2, Pylon x2  
  119  7:37  Stalker x2  
  119  7:38  Stalker  
  125  7:46  Probe  
  126  8:01  Stalker x4  
  132  8:13  Adept x2  
  134  8:24  Immortal  
  134  8:25  Probe  
  135  8:40  Adept  
  135  8:41  Adept x5  
  141  8:52  Probe  
  118  9:06  Probe  
  115  9:18  Protoss Ground Weapons Level 3 (Chrono Boost)  
  115  9:20  Zealot x4, Stalker x2  
  115  9:22  Probe  
  126  9:24  Gateway  
  126  9:30  Gateway x2  
  116  9:31  Gateway  
  116  9:34  Gateway  
  116  9:35  Gateway  
  116  9:38  Gateway  
  116  9:42  Pylon  
  116  9:45  Pylon  
  116  9:49  Pylon  
  116  9:50  Stalker x3  
  116  9:51  Stalker x3  
  127  9:53  Gateway  
  127  9:54  Gateway x2  
  127  10:01  Photon Cannon  
  127  10:03  Photon Cannon  
  127  10:06  Probe  
  128  10:11  Gateway  
  128  10:12  Gateway  
  128  10:13  Gateway  
  128  10:16  Blink  
  128  10:17  Stalker x3  
  128  10:18  Stalker  
  136  10:34  Stalker x3  
  136  10:35  Stalker  
  142  10:40  Nexus  
  136  10:43  Assimilator  
  119  10:53  Probe  
  100  10:58  Stalker x6  
  106  11:08  Observer  
  106  11:11  Probe  
  106  11:22  Pylon  
  106  11:24  Pylon  
  106  11:26  Pylon, Stalker x3  
  106  11:27  Stalker x3  
  106  11:28  Pylon  
  118  11:33  Probe x2, Assimilator  
  120  11:42  Observer  
  120  11:43  Stalker x2  
  124  11:56  Probe  
  124  11:57  Probe  
  124  11:59  Photon Cannon  
  124  12:00  Photon Cannon  
  124  12:01  Photon Cannon x2  
  108  12:18  Adept  
  108  12:19  Adept x6  
  108  12:20  Adept x3  
  128  12:23  Photon Cannon  
  128  12:28  Robotics Bay  
  128  12:43  Stalker x3  
  128  12:44  Stalker x2  
  122  12:53  Probe  
  123  13:00  Stalker  
  123  13:01  Stalker x5  
  135  13:15  Gateway  
Show
View Real Time Build Order
Export as new Build Order

Worming Zerg 

Build Orders: Hatch First, Lurkers 

Get SALT Encoding   

  12  0:01  Drone  
  13  0:12  Overlord  
  13  0:17  Drone  
  14  0:30  Drone x2  
  14  0:34  Drone  
  17  0:51  Hatchery  
  17  0:54  Drone  
  17  0:57  Drone  
  18  1:15  Spawning Pool  
  17  1:21  Drone  
  17  1:22  Drone  
  19  1:37  Drone  
  20  1:44  Extractor  
  19  1:48  Overlord  
  19  2:04  Queen x2  
  19  2:05  Zergling x4  
  19  2:06  Drone  
  26  2:13  Drone  
  27  2:18  Drone  
  27  2:21  Drone  
  29  2:28  Drone  
  30  2:34  Drone  
  31  2:46  Drone x3  
  31  2:49  Metabolic Boost  
  34  2:56  Overlord  
  34  2:58  Drone  
  35  2:59  Hatchery  
  34  3:09  Drone x2  
  36  3:16  Drone x6  
  42  3:21  Extractor x2  
  42  3:25  Drone x2  
  42  3:29  Lair  
  42  3:47  Drone x3, Roach Warren  
  42  3:48  Overlord  
  44  3:49  Overlord  
  44  4:06  Queen  
  44  4:07  Drone x3  
  44  4:08  Drone x3  
  51  4:17  Drone  
  51  4:18  Drone x2  
  51  4:22  Drone  
  55  4:26  Glial Reconstitution  
  55  4:27  Overlord  
  55  4:28  Roach x2  
  59  4:52  Drone x2  
  61  4:53  Roach x5  
  65  5:23  Drone x8  
  65  5:28  Overlord x3  
  73  5:33  Evolution Chamber x2  
  71  5:41  Overlord x3  
  71  5:42  Overlord x2  
  71  5:45  Drone  
  71  5:48  Hydralisk Den  
  71  5:49  Drone  
  72  5:51  Extractor  
  71  5:59  Zerg Missile Weapons Level 1, Zerg Ground Armor Level 1  
  71  6:00  Drone x2  
  71  6:01  Drone  
  71  6:02  Drone  
  71  6:04  Overlord  
  73  6:19  Extractor  
  73  6:20  Extractor  
  73  6:22  Muscular Augments  
  73  6:24  Drone x2  
  73  6:25  Drone x3  
  74  6:26  Drone  
  74  6:27  Drone x2  
  74  6:28  Drone x3  
  74  6:32  Queen  
  82  6:34  Overlord  
  82  6:35  Queen  
  82  6:37  Roach x5  
  82  6:38  Tunneling Claws  
  96  6:40  Hatchery  
  95  6:57  Hydralisk x5  
  105  7:11  Burrow  
  105  7:18  Hydralisk  
  105  7:19  Zergling x4  
  105  7:20  Zergling x8  
  113  7:23  Overseer  
  113  7:37  Lurker Den  
  113  7:48  Ravager x6  
  113  7:49  Ravager x2  
  118  8:06  Roach x5  
  118  8:07  Zergling x24, Roach x3  
  118  8:08  Zergling x4  
  142  8:22  Pneumatized Carapace  
  114  8:52  Roach x7  
  114  8:53  Roach  
  123  9:01  Hydralisk  
  123  9:02  Hatchery, Hydralisk x2  
  122  9:18  Lurker  
  121  9:38  Drone x6  
  127  9:49  Zergling x2  
  127  9:51  Hatchery  
  127  9:52  Zerg Missile Weapons Level 2, Zerg Ground Armor Level 2  
  127  9:53  Queen x2  
  127  9:56  Drone  
  127  10:13  Drone x2  
  127  10:14  Drone  
  130  10:16  Drone x3  
  130  10:20  Overlord  
  133  10:22  Roach  
  121  10:45  Hydralisk x2  
  121  10:46  Roach x4, Hydralisk x2  
  112  10:56  Roach x2, Hydralisk  
  93  11:19  Roach, Hydralisk x3  
  93  11:20  Zergling x12, Roach  
  109  11:25  Lurker  
  109  11:26  Lurker x3  
  109  11:28  Zergling x2  
  109  11:31  Zergling x2  
  109  11:32  Zergling x4  
  114  12:03  Overseer  
  114  12:06  Infestation Pit  
  109  12:14  Lurker x2  
  98  12:15  Zergling x2  
  98  12:16  Zergling x12, Roach  
  98  12:17  Roach x9  
  125  12:23  Extractor  
  125  12:25  Extractor  
  120  12:42  Roach, Hydralisk x4  
  120  12:43  Roach x4  
  113  12:53  Hydralisk  
  113  12:54  Hydralisk x3  
  113  12:55  Zergling x20  
  127  13:00  Drone  
  127  13:04  Drone  
  129  13:08  Extractor  
  129  13:09  Drone x3  
Tags
 
Add a new tag
Caveats
  • Supply blocks, unpowered buildings, or Contaminate may cause inaccurate times.
  • Supply counts are checked every 10 seconds.